 Dungeon Crawl Stone Soup version 0.25-a0-701-gb30f108f01 (webtiles) character file.

Game seed: 11846729760185145613, levelgen mode: classic

192872 EnegeticOcto the Gelid (level 18, -5/157 HPs)
             Began as a Ghoul Ice Elementalist on Apr 1, 2020.
             Was the Champion of Vehumet.
             Killed from afar by a nagaraja (11 damage)
             ... with a poison arrow
             ... on level 3 of the Snake Pit on Apr 3, 2020.
             The game lasted 01:48:21 (52361 turns).

EnegeticOcto the Gelid (Ghoul Ice Elementalist)    Turns: 52361, Time: 01:48:21

Health: -5/157     AC: 15    Str: 14    XL:     18   Next: 25%
Magic:  33/35      EV: 10    Int: 21    God:    Vehumet [******]
Gold:   1487       SH:  4    Dex:  9    Spells: 28/46 levels left

rFire    + . .     SeeInvis .   a - +3 short sword of the Egg {chaos, rElec}
rCold    + + +     Gourm    .   y - +0 buckler
rNeg     + + +     Faith    .   n - +0 acid dragon scales
rPois    ∞         Spirit   .   B - +0 helmet
rElec    +         Reflect  .   K - +2 cloak
rCorr    +         Harm     .   x - +0 pair of gloves
MR       ++...                  q - +2 pair of boots
Stlth    ++........             C - amulet of magic regeneration
HPRegen  0.00/turn              V - ring of protection from magic
MPRegen  0.49/turn              O - ring "Reluenk" {rF+ rC++ Int+5, =R}

@: rotting, constricted
A: rotting body, claws 1, carnivore, cold resistance 1, negative energy
resistance 3, inhibited regeneration, torment resistance, unbreathing
}: 1/15 runes: decaying
a: Renounce Religion


You were on level 3 of the Snake Pit.
You worshipped Vehumet.
Vehumet was exalted by your worship.
You were hungry.

You visited 5 branches of the dungeon, and saw 30 of its levels.

You collected 3749 gold pieces.
You spent 2262 gold pieces at shops.

Inventory:

Hand Weapons
 a - the +3 short sword of the Egg (weapon) {chaos, rElec}
   (You took it off a big kobold on level 6 of the Dungeon)

   Each time it hits an enemy it has a different, random effect.
   It insulates you from electricity.
 b - the +9 flail of the Coward {speed, Dex+2}
   (You found it on level 2 of the Swamp)

   Attacks with this weapon are significantly faster.
   It affects your dexterity (+2).
 v - a +2 dagger of distortion
Missiles
 c - 82 poisoned darts
 o - 2 throwing nets {!f}
 w - 11 curare-tipped darts (quivered)
Armour
 n - +0 acid dragon scales (worn)
 q - a +2 pair of boots (worn)
 x - a +0 pair of gloves (worn)
 y - a +0 buckler (worn)
 B - a +0 helmet (worn)
 K - a +2 cloak (worn)
Magical Staves
 L - an uncursed staff of wizardry
Jewellery
 C - an amulet of magic regeneration (around neck)
 O - the ring "Reluenk" (right hand) {rF+ rC++ Int+5, =R}
   (You bought it in a shop on level 2 of the Orcish Mines)

   [ring of protection from fire]

   It affects your intelligence (+5).
   It protects you from fire.
   It greatly protects you from cold.
 V - a ring of protection from magic (left hand)
Wands
 i - a wand of enslavement (21)
 j - a wand of paralysis (12)
 l - a wand of iceblast (26) {@v2}
 A - a wand of acid (22) {@v1}
 N - a wand of scattershot (6)
 S - a wand of polymorph (8)
 U - a wand of digging (8) {@v3}
 W - a wand of disintegration (12)
 X - a wand of clouds (4)
Scrolls
 g - 7 scrolls of teleportation {@r3 !r}
 h - 10 scrolls of remove curse {@r2}
 k - 3 scrolls of fog {!r}
 m - a scroll of blinking {@r4}
 r - 9 scrolls of immolation
 t - a scroll of fear {!r}
 D - 5 scrolls of magic mapping {@r5 !r}
 E - 7 scrolls of enchant armour
 F - a scroll of summoning
 T - a scroll of torment
 Y - a scroll of vulnerability
 Z - a scroll of silence
Potions
 d - 2 potions of might {@q3 !q}
 f - a potion of magic
 p - 6 potions of curing {@q1 !q}
 u - 4 potions of resistance
 z - 7 potions of haste {@q4 !q}
 G - 3 potions of brilliance
 I - a potion of invisibility
 J - 4 potions of ambrosia
 Q - a potion of flight
 R - 6 potions of heal wounds {@q2 !q}
Miscellaneous
 H - 3 boxes of beasts
 M - a lightning rod (4/4)
 P - a phial of floods
Comestibles
 e - 51 rations
 s - 9 chunks of flesh


   Skills:
 - Level 13.0 Fighting
 - Level 4.0 Maces & Flails
 - Level 4.0 Armour
 - Level 5.1 Dodging
 - Level 4.1 Stealth
 - Level 4.0 Shields
 - Level 14.6 Spellcasting
 - Level 4.0 Conjurations
 - Level 8.0 Summonings
 + Level 19.9 Ice Magic
 - Level 5.0 Air Magic
 - Level 4.0 Evocations


You had 28 spell levels left.
You knew the following spells:

 Your Spells              Type           Power        Failure   Level  Hunger
a - Freeze                Ice            ####         0%          1    None
b - Frozen Ramparts       Ice            ######       0%          3    None
c - Summon Ice Beast      Ice/Summ       ######..     1%          4    None
d - Hailstorm             Conj/Ice       ######..     1%          4    None
M - Freezing Cloud        Conj/Ice/Air   ######....   4%          6    #####..

Your spell library contained the following spells:

 Spells                   Type           Power        Failure   Level  Hunger
 Orb of Destruction       Conj           ####......   90%         7    ######.
 Foxfire                  Conj/Fire      ###.         1%          1    None
 Magic Dart               Conj           ####         1%          1    None
 Sandblast                Erth           ###...       1%          1    None
 Summon Small Mammal      Summ           ####         1%          1    None
 Ensorcelled Hibernation  Hex/Ice        ######       1%          2    None
 Searing Ray              Conj           ####..       1%          2    None
 Ozocubu's Armour         Chrm/Ice       ######..     1%          3    None
 Conjure Flame            Conj/Fire      ###.....     2%          3    None
 Dazzling Flash           Conj/Hex       ###...       2%          3    None
 Stone Arrow              Conj/Erth      ###...       2%          3    None
 Metabolic Englaciation   Hex/Ice        ######....   2%          5    ###....
 Inner Flame              Hex/Fire       ###.....     4%          3    None
 Animate Skeleton         Necr           N/A          6%          1    None
 Apportation              Tloc           ###...       6%          1    None
 Corona                   Hex            ###....      6%          1    None
 Fulminant Prism          Conj/Hex       ###.......   7%          4    None
 Iskenderun's Mystic Bla  Conj/Tloc      ###.....     7%          4    None
 Sticky Flame             Conj/Fire      ###.....     7%          4    None
 Passwall                 Tmut/Erth      ###.....     9%          2    None
 Slow                     Hex            ###.....     9%          2    None
 Sticks to Snakes         Tmut           ###.....     9%          2    None
 Confusing Touch          Hex            ###.....     17%         3    None
 Gell's Gravitas          Tloc           ###.......   17%         3    None
 Portal Projectile        Hex/Tloc       ###...       17%         3    None
 Tukima's Dance           Hex            ###.....     17%         3    None
 Fireball                 Conj/Fire      ###.......   17%         5    ###....
 Lee's Rapid Deconstruct  Erth           ###.......   36%         5    ###....
 Yara's Violent Unravell  Hex/Tmut       ###.......   36%         5    ###....
 Cause Fear               Hex            ###.......   50%         4    None
 Leda's Liquefaction      Hex/Erth       ###.......   50%         4    None
 Petrify                  Tmut/Erth      ###.....     50%         4    None
 Ice Form                 Ice/Tmut       Unusable     N/A         4    N/A
 Beastly Appendage        Tmut           Unusable     N/A         1    N/A
 Spider Form              Tmut/Pois      Unusable     N/A         3    N/A
 Blade Hands              Tmut           Unusable     N/A         5    N/A

Dungeon Overview and Level Annotations

Branches:
Dungeon (15/15)            Temple (0/1) D:6            Lair (6/6) D:11
  Swamp (4/4) Lair:2        Snake (3/4) Lair:3        Slime (0/5) Lair:6
    Orc (2/2) D:9             Elf (0/3) Orc:2        Vaults (0/5) D:13
 Depths (0/5) D:15

Altars:
Ashenzari
Cheibriados
Dithmenos
Elyvilon
Fedhas
Gozag
Hepliaklqana
Kikubaaqudgha
Qazlal
Ru
Trog
Vehumet
Yredelemnul
Zin
The Shining One
Beogh
Jiyva

Shops:
D:14 *   Orc:2 *}=%*   Snake:1 =}=

Annotations:
D:3 exclusion: oklob plant
Lair:3 exclusion: 4 oklob plants
Orc:2 3 runed translucent doors, CryoSword's ghost, adept GrEE


Innate Abilities, Weirdness & Mutations

Your body is rotting away.
You thrive on raw meat.
You are immune to poison.
You have sharp fingernails.
You are carnivorous and can eat meat at any time.
Your flesh is cold resistant. (rC+)
You are immune to negative energy. (rN+++)
You do not regenerate when monsters are visible.
You are immune to unholy pain and torment.
You can survive without breathing.


Message History

The naga mage is engulfed in freezing vapours.
The wall freezes the naga mage!
The naga mage closely misses you.
The naga warrior is engulfed in freezing vapours.
The naga warrior hits you but does no damage.
The naga warrior constricts you.
The nagaraja is engulfed in freezing vapours.
The nagaraja gestures at you while chanting.
The bolt of poison hits you but does no damage.
You resist.
Unknown command.
Evoke which item? (* to show all) (? for menu, Esc to quit)
Aiming: Iceblast
Press: ? - help, Shift-Dir - straight line, f - you That beam is likely to hit you.
Continue anyway?
The mass of ice explodes!
The iceblast engulfs you! You partially resist.
The iceblast engulfs the naga mage!
The naga mage is severely wounded.
The iceblast engulfs the naga warrior.
The naga warrior is severely wounded.
The iceblast engulfs the naga warrior!
You kill the naga warrior!
Vehumet accepts your kill.
You feel your power returning.
The iceblast engulfs the guardian serpent!
The guardian serpent is severely wounded.
The iceblast engulfs the naga mage.
The naga mage is moderately wounded.
The iceblast engulfs the nagaraja!
The nagaraja is moderately wounded.
You are engulfed in freezing vapours.
You resist.
You hear a shout! x2
The guardian serpent is engulfed in freezing vapours.
The wall freezes the guardian serpent.
The guardian serpent hits you!
The naga mage is engulfed in freezing vapours.
The naga mage hits you with a +0 spear.
The naga mage is engulfed in freezing vapours.
The wall freezes the naga mage.
The naga mage hits you but does no damage.
The naga warrior is engulfed in freezing vapours.
The naga warrior spits poison at you.
The splash of poison hits you but does no damage.
You resist. The naga warrior constricts you.
The guardian serpent is engulfed in freezing vapours.
The wall freezes the guardian serpent.
The guardian serpent barely misses you. The nagaraja hits you with a +0 spear.
Evoke which item? (* to show all) (? for menu, Esc to quit)
Aiming: Iceblast
Press: ? - help, Shift-Dir - straight line, f - you That beam is likely to hit you.
Continue anyway?
The mass of ice explodes!
The iceblast engulfs you! You partially resist.
The iceblast engulfs the naga mage!
You kill the naga mage!
Vehumet accepts your kill.
You feel your power returning.
The iceblast engulfs the naga warrior!!
You kill the naga warrior!
Vehumet accepts your kill.
You feel your power returning.
The iceblast engulfs the guardian serpent!
You kill the guardian serpent!
Vehumet accepts your kill.
You feel your power returning.
The iceblast engulfs the naga mage!
The naga mage is almost dead.
The iceblast engulfs the nagaraja!
The nagaraja is heavily wounded.
You are engulfed in freezing vapours.
You resist.
The guardian serpent casts a spell.
The naga mage barely misses you. The naga mage grabs you.
The naga mage constricts you.
The nagaraja is engulfed in freezing vapours.
The wall freezes the nagaraja.
The nagaraja spits poison at you.
The splash of poison hits you but does no damage.
You resist.
The naga mage is engulfed in freezing vapours.
The naga mage barely misses you.
The naga warrior is engulfed in freezing vapours.
The wall freezes the naga warrior!
The naga warrior hits you but does no damage.
The nagaraja is engulfed in freezing vapours.
The wall freezes the nagaraja.
The nagaraja hits you with a spear!!
The nagaraja is engulfed in freezing vapours.
The nagaraja points at you and mumbles some strange words.
The lance of force hits you!!
* * * LOW HITPOINT WARNING * * *
You are knocked back by the lance of force.
You slam into the rock wall!
* * * LOW HITPOINT WARNING * * *
Blink to where?
Press: ? - help, Dir - move target cursor The naga mage's grasp on you weakens, but your attempt to escape fails.
As you read the scroll of blinking {@r4}, it crumbles to dust.
You are engulfed in freezing vapours.
You resist.
* * * LOW HITPOINT WARNING * * *
The frozen ramparts melt away.
The naga mage hits you with a +0 spear!
* * * LOW HITPOINT WARNING * * *
x2 The naga mage constricts you.
The nagaraja is engulfed in freezing vapours.
The nagaraja casts a spell at you. The poison arrow hits you!
You partially resist.
You die...

.........[..#
............# ..≈S..≈..#
...........## §§○§§§..#
##......... ☼§§§§..#
##...##... §§§§§..#
##......... #§☼§§☼#
....##..### #§§...#
...#.######## #NN§..#
#####.......####@N§..###
##....)..÷.NNN......
########.[§§.§.....
#..##.......
#............
............[.
.############## #


You could see a naga warrior, 3 nagarajas, a guardian serpent and 2 naga magi.

Vanquished Creatures
  the Lernaean hydra (Swamp:4)
  Kirke (D:15)
  A thorn hunter (Swamp:2)
  3 nagarajas
  2 very ugly things (Swamp:4)
  2 fire dragons (D:15)
  2 green deaths (Swamp:4)
  8 naga warriors
  2 vault guards (D:13)
  The ghost of Anness the Destroyer, a journeyman DsFE of Vehumet (Lair:4)
  16 hydras
  A ghost crab (Swamp:3)
  A centaur warrior (D:13)
  8 anacondas
  A shambling mangrove (Swamp:4)
  A catoblepas (Lair:2)
  4 death yaks
  6 alligators
  7 two-headed ogres
  A thrashing horror (Swamp:4)
  An ogre mage (D:15)
  2 orc high priests
  3 shock serpents
  2 naga sharpshooters (Snake:3)
  A salamander mystic (Snake:2)
  4 spriggans
  A fire crab (Lair:4)
  2 unseen horrors
  4 sea snakes
  6 swamp dragons
  4 wizards (D:13)
  A naga ritualist (Snake:2)
  3 orc knights
  A deep elf archer (D:13)
  An oklob plant (D:11)
  7 salamanders (Snake:2)
  A deep elf mage (D:15)
  7 cyclopes
  18 ugly things
  5 orc sorcerers
  7 mana vipers
  3 manticores
  A mana viper (shapeshifter) (D:15)
  The ghost of iamserjio the Skirmisher, a novice OpCK of Uskayaw (D:6)
  A moth of wrath (Lair:4)
  18 black mambas
  2 gargoyles
  5 guardian serpents
  9 orange demons
  7 naga magi
  A torpor snail (Lair:4)
  9 komodo dragons
  A rime drake (Lair:3)
  34 spiny frogs
  A kobold demonologist (D:6)
  6 red devils
  A polar bear (Lair:4)
  A tengu conjurer (D:15)
  A queen bee (Lair:3)
  5 hornets
  3 meliai (D:14)
  5 trolls
  20 tyrant leeches
  11 bog bodies
  25 slime creatures
  5 dream sheep
  7 hippogriffs
  24 blink frogs
  A vampire (D:14)
  A shadow (D:11)
  6 wyverns
  5 hogs
  42 yaks
  16 humans (D:13)
  A small abomination (Swamp:4)
  A steam dragon (D:13)
  5 basilisks
  A hungry ghost (D:14)
  3 wargs
  12 nagas
  22 vampire mosquitoes
  21 swamp worms
  4 porcupines
  An acid dragon (D:10)
  20 water moccasins
  A soldier ant (D:12)
  27 orc warriors
  4 sky beasts
  9 swamp drakes
  2 ice beasts
  A black bear (Lair:3)
  3 necrophages
  3 boggarts (D:14)
  17 wolves
  14 ogres
  16 crocodiles
  5 centaurs
  Blork the orc (D:4)
  10 big kobolds
  24 bullfrogs
  A wyvern skeleton (D:6)
  3 scorpions
  37 killer bees
  9 wights
  An electric eel (Lair:6)
  3 howler monkeys
  A centaur zombie (D:7)
  4 crimson imps
  3 quasits
  2 bullfrog zombies
  8 centaur skeletons
  3 jellies
  A wyvern simulacrum (D:13)
  24 orc priests
  A bullfrog skeleton (D:5)
  10 hounds
  32 orc wizards
  3 iguanas
  10 worker ants
  7 hell rats (Lair:1)
  A hound zombie (D:5)
  12 adders
  7 gnolls
  16 river rats
  6 shadow imps
  3 oozes
  4 adder skeletons
  2 worms (D:3)
  3 dart slugs
  2 leopard geckos
  88 orcs
  4 ball pythons
  6 bats
  7 giant cockroaches
  A goblin (D:3)
  5 hobgoblins
  11 quokkas
  7 frilled lizards
  A jackal skeleton (D:4)
  17 kobolds
  A leopard gecko skeleton (D:6)
  A quokka skeleton (D:4)
  15 rats
  A plant (D:11)
1040 creatures vanquished.

Vanquished Creatures (collateral kills)
  Harold (D:8)
  2 hydras
  An alligator (Swamp:2)
  A thrashing horror (Swamp:4)
  A naga sharpshooter (Snake:3)
  A mana viper (Snake:3)
  2 salamanders
  2 black mambas
  A naga mage (Snake:1)
  A spiny frog (Lair:6)
  2 centaur skeletons
  A komodo dragon (Lair:6)
  A troll (D:10)
  2 tyrant leeches (Lair:6)
  4 blink frogs
  3 dream sheep (Lair:4)
  A hippogriff (Lair:4)
  A meliai zombie (D:13)
  A shadow (D:12)
  2 yaks (D:11)
  2 humans (D:13)
  3 hungry ghosts
  2 orc warriors
  A hornet zombie (D:6)
  2 big kobolds (D:6)
  A bullfrog (Lair:6)
  An electric eel (Snake:1)
  A wight (D:10)
  A crimson imp (D:11)
  An orc priest (Orc:1)
  2 orc wizards
  A leopard gecko skeleton (D:8)
  A fungus (Lair:6)
50 creatures vanquished.

Vanquished Creatures (others)
  A swamp dragon (Swamp:4)
  2 orc wizards
  23 fungi
  65 plants
91 creatures vanquished.

Grand Total: 1181 creatures vanquished

Notes
Turn   | Place    | Note
-------+----------+-------------------------------------------
     0 | D:1      | EnegeticOcto the Ghoul Ice Elementalist began the quest for
                  | the Orb.
     0 | D:1      | Reached XP level 1. HP: 14/14 MP: 2/2
   131 | D:1      | Reached XP level 2. HP: 12/20 MP: 0/3
   221 | D:1      | Reached skill level 5 in Ice Magic
   580 | D:1      | Reached XP level 3. HP: 26/26 MP: 2/4
   585 | D:1      | Learned a level 3 spell: Frozen Ramparts
  1143 | D:2      | Reached skill level 6 in Ice Magic
  1143 | D:2      | Reached XP level 4. HP: 33/33 MP: 0/5
  1222 | D:2      | Found a basalt altar of Yredelemnul,
  1437 | D:2      | Found a bloodstained altar of Trog,
  1441 | D:2      | You fall into a shaft and drop 2 floors!
  1600 | D:4      | Reached XP level 5. HP: 34/38 MP: 3/6
  1696 | D:4      | Reached skill level 7 in Ice Magic
  1697 | D:4      | Found a white marble altar of Elyvilon,
  1727 | D:4      | Found a sacrificial altar of Ru,
  2288 | D:4      | Noticed Blork the orc
  2306 | D:4      | Killed Blork the orc
  2306 | D:4      | Reached skill level 8 in Ice Magic
  2306 | D:4      | Reached XP level 6. HP: 22/45 MP: 1/7
  3239 | D:3      | Reached skill level 1 in Fighting
  3583 | D:3      | Found a blossoming altar of Fedhas,
  3600 | D:3      | Noticed an oklob plant
  4038 | D:5      | Entered Level 5 of the Dungeon
  4230 | D:5      | Reached XP level 7. HP: 41/55 MP: 5/10
  4477 | D:5      | Learned a level 4 spell: Summon Ice Beast
  4520 | D:5      | Found a blossoming altar of Fedhas,
  4609 | D:5      | Found a radiant altar of Vehumet,
  4617 | D:5      | Became a worshipper of Vehumet
  5277 | D:5      | Reached skill level 1 in Summonings
  5762 | D:5      | Reached XP level 8. HP: 61/61 MP: 4/13
  5867 | D:5      | Found a glowing silver altar of Zin,
  6296 | D:6      | Found an ancient bone altar of Kikubaaqudgha,
  6320 | D:6      | Reached * piety under Vehumet
  6320 | D:6      | Offered knowledge of Shock by Vehumet.
  6329 | D:6      | Reached skill level 5 in Spellcasting
  6489 | D:6      | Found a shattered altar of Ashenzari,
  6897 | D:6      | Found a runed translucent gate,
  6897 | D:6      | Noticed a kobold demonologist
  6898 | D:6      | Found a runed translucent gate,
  6898 | D:6      | Noticed iamserjio's ghost (novice OpCK)
  6903 | D:6      | Found a runed translucent gate,
  6908 | D:6      | Identified the cursed +3 short sword of the Egg {chaos,
                  | rElec}
  7004 | D:6      | Found a glowing silver altar of Zin,
  7162 | D:6      | Reached skill level 5 in Summonings
  7359 | D:6      | Found a staircase to the Ecumenical Temple,
  7374 | D:6      | Reached XP level 9. HP: 46/69 MP: 13/16
  7822 | D:6      | Killed a kobold demonologist
  7825 | D:6      | Killed iamserjio's ghost
  8031 | D:7      | Reached ** piety under Vehumet
  8031 | D:7      | Offered knowledge of Searing Ray by Vehumet.
  8031 | D:7      | Reached skill level 9 in Ice Magic
  8031 | D:7      | Reached skill level 1 in Evocations
  8199 | D:7      | Found a snail-covered altar of Cheibriados,
  8199 | D:7      | Found a shadowy altar of Dithmenos,
  8356 | D:7      | Reached skill level 5 in Fighting
  8371 | D:7      | Reached skill level 1 in Shields
  8514 | D:7      | Noticed Maggie
  8540 | D:7      | Reached XP level 10. HP: 61/81 MP: 16/19
  8626 | D:7      | Noticed Maggie
  8626 | D:7      | Maggie changed into Maggie the water moccasin
  8636 | D:7      | Killed Maggie the water moccasin
  9316 | D:8      | Noticed Harold
  9335 | D:8      | Killed Harold
  9335 | D:8      | Offered knowledge of Inner Flame by Vehumet.
  9335 | D:8      | Reached skill level 1 in Armour
  9816 | D:8      | Found a glowing golden altar of the Shining One,
  9877 | D:8      | Noticed Maurice
  9881 | D:8      | Noticed Maurice
  9888 | D:8      | Killed Maurice the hog
 10306 | D:9      | Reached skill level 1 in Maces & Flails
 10311 | D:9      | Reached *** piety under Vehumet
 10508 | D:9      | Found a roughly hewn altar of Beogh,
 10550 | D:9      | Offered knowledge of Static Discharge by Vehumet.
 10616 | D:9      | Found a stormy altar of Qazlal,
 10921 | D:9      | Reached skill level 10 in Ice Magic
 11103 | D:9      | Found a staircase to the Orcish Mines,
 11200 | D:9      | Found a hazy altar of Hepliaklqana,
 11292 | D:10     | Entered Level 10 of the Dungeon
 11592 | D:10     | Reached XP level 11. HP: 89/89 MP: 9/20
 12273 | D:10     | Reached **** piety under Vehumet
 12359 | D:10     | Learned a level 4 spell: Hailstorm
 12403 | D:10     | Upgraded the game from 0.25-a0-697-g890751e744 to
                  | 0.25-a0-699-g25a338df49
 12403 | D:10     | Upgraded the game from 0.25-a0-699-g25a338df49 to
                  | 0.25-a0-701-gb30f108f01
 12463 | D:11     | Killed an unseen horror
 12619 | D:11     | Offered knowledge of Olgreb's Toxic Radiance by Vehumet.
 12696 | D:11     | Noticed a two-headed ogre
 13018 | D:11     | Noticed a six-headed hydra
 13042 | D:11     | Killed a six-headed hydra
 13369 | D:11     | Found a staircase to the Lair.
 13375 | D:11     | Noticed an oklob plant
 13681 | D:11     | Reached skill level 11 in Ice Magic
 13908 | D:11     | Killed an oklob plant
 14409 | D:11     | Killed a two-headed ogre
 14656 | Lair:1   | Entered Level 1 of the Lair of Beasts
 14718 | Lair:1   | Noticed a seven-headed hydra
 14736 | Lair:1   | Killed a seven-headed hydra
 14736 | Lair:1   | Reached skill level 12 in Ice Magic
 15146 | Lair:1   | Reached XP level 12. HP: 51/97 MP: 21/21
 15454 | Lair:1   | Reached ***** piety under Vehumet
 15458 | Lair:1   | Offered knowledge of Spellforged Servitor by Vehumet.
 16932 | Lair:2   | Identified a scroll of acquirement
 16934 | Lair:2   | Identified the Disquisition on Congealing Bewitchment (You
                  | acquired it on level 2 of the Lair of Beasts)
 16934 | Lair:2   | Identified the +3 rapier "Kiamemib" {antimagic, MR+ Dex-2
                  | Stlth+} (You acquired it on level 2 of the Lair of Beasts)
 17104 | Lair:2   | Reached skill level 5 in Dodging
 17285 | Lair:2   | Noticed a catoblepas
 17303 | Lair:2   | Killed a catoblepas
 17303 | Lair:2   | Reached skill level 1 in Conjurations
 17339 | Lair:2   | Found a staircase to the Swamp.
 17538 | Lair:2   | You fall into a shaft and drop 2 floors!
 18424 | Lair:4   | Found a transporter.
 18435 | Lair:4   | Found a transporter.
 18439 | Lair:4   | Noticed Anness's ghost (journeyman DsFE)
 18440 | Lair:4   | Noticed a four-headed hydra
 20572 | Lair:6   | Entered Level 6 of the Lair of Beasts
 20580 | Lair:6   | Noticed a death yak
 20583 | Lair:6   | Noticed a death yak
 20583 | Lair:6   | Noticed a death yak
 20586 | Lair:6   | Noticed a death yak
 20591 | Lair:6   | Reached XP level 13. HP: 96/107 MP: 23/25
 21009 | Lair:6   | Found a runed translucent door.
 21010 | Lair:6   | Found a viscous altar of Jiyva.
 21055 | Lair:6   | Reached skill level 10 in Spellcasting
 21736 | Lair:6   | Reached skill level 13 in Ice Magic
 22300 | Lair:6   | Reached skill level 10 in Fighting
 22774 | Lair:5   | Reached skill level 14 in Ice Magic
 24048 | Lair:6   | Reached XP level 14. HP: 117/117 MP: 18/27
 24180 | Lair:6   | Found a staircase to the Slime Pits.
 24587 | Lair:3   | Reached skill level 15 in Ice Magic
 24882 | Lair:3   | Got a pair of heavily runed boots
 24888 | Lair:3   | Identified the -6 pair of boots of Xybamod {*Contam rCorr
                  | Str+5 Int+4} (You found it on level 3 of the Lair of
                  | Beasts)
 24892 | Lair:3   | Found a staircase to the Snake Pit.
 25295 | Lair:3   | Offered knowledge of Iron Shot by Vehumet.
 27488 | D:12     | You fall into a shaft and drop 2 floors!
 30118 | D:13     | Reached skill level 16 in Ice Magic
 30136 | D:13     | Reached XP level 15. HP: 63/123 MP: 27/29
 30333 | D:13     | Identified the +0 leather armour "Nakk" {Slay+2}
 30349 | D:13     | Identified Sif Muna's Handbook of Dusty Bewitchment (You
                  | acquired it on level 13 of the Dungeon)
 30349 | D:13     | Identified the +0 eveningstar of Quick Death {venom, rElec}
                  | (You acquired it on level 13 of the Dungeon)
 30637 | D:13     | Found a gate to the Vaults.
 31132 | D:13     | Offered knowledge of Freezing Cloud by Vehumet.
 31227 | D:13     | Learned a level 6 spell: Freezing Cloud
 31755 | D:14     | Reached skill level 1 in Air Magic
 32421 | D:14     | Found Hiarph's General Store.
 32933 | D:15     | Entered Level 15 of the Dungeon
 32934 | D:15     | Noticed Kirke
 32942 | D:15     | Killed Kirke
 33986 | D:15     | Found the cursed +14 obsidian axe {vorpal, +Fly SInv
                  | *Curse}
 34721 | D:15     | Reached skill level 5 in Air Magic
 35050 | D:15     | Found a staircase to the Depths.
 35245 | Orc:1    | Entered Level 1 of the Orcish Mines
 35246 | Orc:1    | Paralysed by an orc sorcerer for 5 turns
 35269 | Orc:1    | Reached ****** piety under Vehumet
 35732 | Orc:1    | Reached XP level 16. HP: 127/134 MP: 20/31
 35899 | Orc:1    | Offered knowledge of Starburst by Vehumet.
 36140 | Orc:2    | Entered Level 2 of the Orcish Mines
 36565 | Orc:2    | Found a staircase to the Elven Halls.
 36729 | Orc:2    | Found a runed translucent gate.
 36730 | Orc:2    | Found a runed translucent gate.
 36732 | Orc:2    | Found an opulent altar of Gozag.
 36732 | Orc:2    | Found a runed translucent gate.
 36936 | Orc:2    | Found Qirual's Food Shop.
 36936 | Orc:2    | Found Qacoebb's Jewellery Shop.
 36985 | Orc:2    | Found Sahets's Assorted Antiques.
 37213 | Orc:2    | Found Xiges's Gadget Boutique.
 37223 | Orc:2    | Bought the ring "Reluenk" {rF+ rC++ Int+5} for 840 gold
                  | pieces
 37226 | Orc:2    | Bought a crystal flail for 255 gold pieces
 37226 | Orc:2    | Identified the +5 flail of Guilt {vorpal, Stlth+} (You
                  | bought it in a shop on level 2 of the Orcish Mines)
 37228 | Orc:2    | Bought a small golden ring for 150 gold pieces
 37228 | Orc:2    | Bought a runed glass ring for 150 gold pieces
 37235 | Orc:2    | Bought a wand of scattershot (4) for 312 gold pieces
 37238 | Orc:2    | Bought a scroll of immolation for 105 gold pieces
 37515 | Orc:2    | Found Dahy's Assorted Antiques.
 37529 | Orc:2    | Noticed CryoSword's ghost (adept GrEE)
 38041 | D:15     | Identified the +1 leather armour of Proximity {+Blink rF+
                  | MP+9} (You found it on level 15 of the Dungeon)
 38310 | Lair:4   | Offered knowledge of Ozocubu's Refrigeration by Vehumet.
 38313 | Lair:4   | Killed Anness's ghost
 38443 | Lair:4   | Got a pair of distressingly furry boots
 38458 | Lair:4   | Identified the +0 pair of boots of the Furies {Slay+2} (You
                  | found it on level 4 of the Lair of Beasts)
 38504 | Swamp:1  | Entered Level 1 of the Swamp
 41208 | Swamp:2  | Offered knowledge of Conjure Ball Lightning by Vehumet.
 41406 | Swamp:2  | Identified the +9 flail of the Coward {speed, Dex+2} (You
                  | found it on level 2 of the Swamp)
 41849 | Swamp:3  | Noticed a thorn hunter
 42422 | Swamp:2  | Killed a thorn hunter
 43918 | Swamp:4  | Entered Level 4 of the Swamp
 45315 | Swamp:4  | Reached skill level 17 in Ice Magic
 45315 | Swamp:4  | Reached XP level 17. HP: 139/143 MP: 32/34
 46279 | Swamp:4  | Noticed the 27-headed Lernaean hydra
 46288 | Swamp:4  | Killed the 27-headed Lernaean hydra
 46547 | Swamp:4  | Offered knowledge of Orb of Destruction by Vehumet.
 46568 | Swamp:4  | Got a decaying rune of Zot
 47304 | Snake:1  | Entered Level 1 of the Snake Pit
 47793 | Snake:1  | Found Casith's Jewellery Shoppe.
 47793 | Snake:1  | Found Qemut's Gadget Boutique.
 47794 | Snake:1  | Found Zosarif's Jewellery Shoppe.
 47799 | Snake:1  | Bought an uncursed amulet of magic regeneration for 450
                  | gold pieces
 48331 | Snake:1  | Reached skill level 18 in Ice Magic
 50538 | Snake:2  | Found a runed translucent door.
 51009 | Snake:2  | Reached skill level 19 in Ice Magic
 51368 | Snake:2  | Reached XP level 18. HP: 144/157 MP: 25/35
 52361 | Snake:3  | HP: 7/157 [naga mage/+0 spear (8)]
 52361 | Snake:3  | Killed from afar by a nagaraja

Levels and vault maps discovered:
D:1:      dpeg_arrival_orchard, layout_loops_ring
D:2:      layout_rooms, nicolae_overflow_crystal_walls,
          yredelemnul_altar_generic
D:3:      layout_loops_cross, first_ration, tgw_fedhas
D:4:      layout_loops_corners, nicolae_ru_sacrificial_ziggurat, st_stairs_7,
          elyvilon_altar_1, uniq_blork_the_orc
D:5:      layout_basic, lemuel_doored_altar, vehumet_crystals,
          lemuel_coloured_pillars_altar, kennysheep_small_circle
D:6:      layout_loops_corners, kennysheep_mini, kiku_gazebo_pond_becter,
          minmay_temple_entry_large_hall, basic_altar,
          gammafunk_ghost_nasty_kobolds, kennysheep_generic_room_9
D:7:      layout_rooms, amethyst_overflow_temple_binary, uniq_maggie
D:8:      layout_gridville, tso_oasis_becter, uniq_harold, uniq_maurice
D:9:      layout_small_grid, kennysheep_mini_moat, orc_0_dummy, special_room
          [special_room_orc], basic_altar
D:10:     layout_small_grid
D:11:     layout_long_grid, dpeg_oklobed_lair, grunt_ogre_cave
D:12:     layout_loops_corners, einodemon_armed_red_devil_minivault
D:13:     layout_roguey, grunt_vaults_entry_tiered
D:14:     layout_loops_ring, chequers_serial_rivers_small_b, serial_shops, shop,
          serial_glass, glass_columns_a, glass_columns_c, glass_columns_a,
          glass_columns_a, glass_columns_c, glass_columns_a,
          minmay_beelzebubs_servants
D:15:     grunt_enter_depths_hoard, layout_loops_ring,
          hangedman_abyss_or_decor_lesser_grid, uniq_kirke
Lair:1:   lemuel_ratsnest, layout_chaotic_city, guppyfry_lair_drakes,
          grunt_megastairs_2
Lair:2:   layout_regular_city, swamp_mist, infiniplex_staircase_pool_2
Lair:3:   hangedman_what_comes_after_a, layout_loops_ring,
          guppyfry_snake_entry_garden
Lair:4:   layout_roguey, gammafunk_ghost_berserking_beasts,
          nicolae_quartered_pool_medium, minmay_stone_trees_small,
          grunt_megastairs_4
Lair:5:   layout_cave_pods, grunt_megastairs_1
Lair:6:   minmay_lair_end_frog_pond, layout_layer_cave, slime_altar_2
Swamp:1:  layout_falls_marsh, evilmike_swamp_ruin_rubble_2
Swamp:2:  layout_basic_swamp, hangedman_swamp_lotus, swamp_pool2,
          infiniplex_staircase_pool
Swamp:3:  layout_basic_swamp, evilmike_swamp_ruin_house_1
Swamp:4:  swamp_vile, layout_basic_swamp
Snake:1:  layout_grid_shapes, minmay_shop_grove, lemuel_fruit_tree,
          serial_bayou_shore_a, serial_bayou_shore_b
Snake:2:  layout_cave_town, grunt_ministairs_5, lightli_airlock
Snake:3:  nicolae_cobra_stairs, layout_grid_shapes, statue_in_the_mist_lemuel,
          serial_bayou_lagoon_a
Orc:1:    layout_diamond_mine
Orc:2:    st_orc_mages, layout_caves, ebering_ghost_gozag

Skill      XL: |  1  2  3  4  5  6  7  8  9 10 11 12 13 14 15 16 17 |
---------------+----------------------------------------------------+-----
Ice Magic      | 5 6 8 9 10 12 14 16 17 19 | 19.9
Fighting       | 2 3 5 6 8 10 11 13 | 13.0
Spellcasting   | 2 4 5 7 9 10 11 12 14 | 14.6
Summonings     | 2 5 7 8 |  8.0
Evocations     | 1 3 4 |  4.0
Shields        | 1 3 4 |  4.0
Armour         | 3 4 |  4.0
Maces & Flails | 2 4 |  4.0
Stealth        | 4 |  4.1
Dodging        | 3 5 |  5.1
Conjurations   | 4 |  4.0
Air Magic      | 5 |  5.0

Action                   |  1- 3 |  4- 6 |  7- 9 | 10-12 | 13-15 | 16-18 || total
-------------------------+-------+-------+-------+-------+-------+-------++-------
Melee: Unarmed           |    52 |       |       |       |       |       ||    52
       Whip              |     6 |    78 |   180 |   778 |  1102 |   323 ||  2467
       Flail             |       |       |       |       |       |   497 ||   497
       Short sword       |       |       |       |       |       |     2 ||     2
Throw: Dart              |     7 |     6 |     1 |     4 |     3 |     2 ||    23
 Cast: Freeze            |    20 |    21 |    10 |     1 |    14 |    35 ||   101
       Frozen Ramparts   |     2 |    11 |    30 |    97 |   140 |    73 ||   353
       Summon Ice Beast  |       |       |     9 |    25 |    43 |    39 ||   116
       Hailstorm         |       |       |       |       |    61 |    47 ||   108
       Freezing Cloud    |       |       |       |       |       |   112 ||   112
Evoke: Wand              |       |       |       |     8 |     2 |    21 ||    31
       Lightning rod     |       |       |       |       |     4 |     6 ||    10
  Use: Scroll            |       |     6 |    10 |    15 |    10 |    19 ||    60
       Potion            |       |       |     2 |       |     2 |     1 ||     5
 Stab: Sleeping          |     1 |     3 |       |     2 |     1 |       ||     7
       Distracted        |       |       |       |     2 |       |     1 ||     3
  Eat: Chunk             |     5 |     8 |    24 |    45 |   127 |   122 ||   331
       Ration            |       |     1 |     2 |     2 |     4 |     1 ||    10
Armor: Robe              |    16 |    29 |    26 |       |       |       ||    71
       Acid dragon scale |       |       |       |   259 |   465 |   369 ||  1093
Dodge: Dodged            |    55 |    65 |   137 |   381 |   638 |   484 ||  1760
Block: Buckler           |       |       |     2 |   127 |   230 |   165 ||   524

Table legend:
 A = Non-vault XP
 B = Vault XP
 C = Vault XP percentage of total XP
 D = Non-vault monster count
 E = Vault monster count
 F = Vault count percentage of total count
                 A         B        C        D         E       F
            +---------+---------+-------+---------+---------+-------
      Total |  170736 |   91445 |  34.9 |     750 |     340 |  31.2
            +---------+---------+-------+---------+---------+-------
        D:1 |      39 |       0 |   0.0 |      24 |       0 |   0.0
        D:2 |      73 |       0 |   0.0 |      14 |       0 |   0.0
        D:3 |     151 |       0 |   0.0 |      21 |       0 |   0.0
        D:4 |     160 |     133 |  45.4 |       7 |       2 |  22.2
        D:5 |     765 |      13 |   1.7 |      23 |       1 |   4.2
        D:6 |    1125 |    1544 |  57.8 |      25 |      11 |  30.6
        D:7 |     960 |     151 |  13.6 |      26 |       1 |   3.7
        D:8 |     481 |     990 |  67.3 |      14 |       2 |  12.5
        D:9 |    1614 |     367 |  18.5 |      21 |      24 |  53.3
       D:10 |    1522 |       0 |   0.0 |      24 |       0 |   0.0
       D:11 |    4694 |     784 |  14.3 |      27 |       2 |   6.9
       D:12 |    6256 |    1342 |  17.7 |      33 |       4 |  10.8
       D:13 |    6450 |    8910 |  58.0 |      27 |      25 |  48.1
       D:14 |    4839 |    2717 |  36.0 |      24 |       7 |  22.6
       D:15 |   16955 |    4720 |  21.8 |      35 |       7 |  16.7
     Lair:1 |    2485 |    2187 |  46.8 |      12 |      43 |  78.2
     Lair:2 |    6162 |       0 |   0.0 |      28 |       0 |   0.0
     Lair:3 |    6475 |    7331 |  53.1 |      26 |      56 |  68.3
     Lair:4 |    4389 |    4725 |  51.8 |      20 |      13 |  39.4
     Lair:5 |    3748 |       0 |   0.0 |      13 |       0 |   0.0
     Lair:6 |   11486 |   11981 |  51.1 |      34 |      49 |  59.0
    Swamp:1 |   11272 |       0 |   0.0 |      35 |       0 |   0.0
    Swamp:2 |   11980 |       0 |   0.0 |      27 |       0 |   0.0
    Swamp:3 |    5944 |       0 |   0.0 |      21 |       0 |   0.0
    Swamp:4 |   13408 |   24385 |  64.5 |      40 |      29 |  42.0
    Snake:1 |    9211 |       0 |   0.0 |      19 |       0 |   0.0
    Snake:2 |   19633 |    9090 |  31.6 |      36 |      13 |  26.5
    Snake:3 |    9671 |    5283 |  35.3 |      11 |       9 |  45.0
      Orc:1 |    5616 |       0 |   0.0 |      52 |       0 |   0.0
      Orc:2 |    3172 |    4792 |  60.2 |      31 |      42 |  57.5
            +---------+---------+-------+---------+---------+-------
